 Dungeon Crawl Stone Soup version 0.29.1-12-g30fa7ad0bf (webtiles) character file.

Game seed: 2432221994414998732

114 KittyFluff the Trooper (level 4, 0/29 HPs)
             Began as a Gargoyle Berserker on Jan 14, 2023.
             Was a Believer of Trog.
             Slain by an adder (3 damage)
             ... in a sewer.
             The game lasted 00:09:36 (2183 turns).

KittyFluff the Trooper (Gargoyle Berserker)         Turns: 2183, Time: 00:09:36

Health: 0/29       AC:  7    Str: 20    XL:     4   Next: 97%
Magic:  4/4        EV: 12    Int:  8    God:    Trog [**....]
Gold:   81         SH:  0    Dex: 11    Spells: 3/3 levels left

rFire   . . .      SeeInvis .   a - +0 mace
rCold   . . .      Faith    .   (no shield)
rNeg    + . .      Spirit   .   k - +0 leather armour
rPois   ∞          Reflect  .   (no helmet)
rElec   +          Harm     .   q - scarf {shadows}
rCorr   .          Rampage  .   (no gloves)
Will    .....                   (no boots)
Stlth   +.........              (no amulet)
HPRegen 0.09/turn               (no ring)
MPRegen 0.09/turn               (no ring)

@: no status effects
A: sickness immunity, AC +3, negative energy resistance 1, electricity
resistance, torment resistance 1, petrification resistance
a: Renounce Religion, Berserk, Trog's Hand


You were in a sewer.
You worshipped Trog.
Trog was pleased with you.
You visited 1 branch of the dungeon, and saw 3 of its levels.
You also visited: Sewer.

You collected 81 gold pieces.

Inventory:

Hand Weapons
 a - a +0 mace (weapon)
 f - a +0 flail
 n - a +0 sling
 o - the +7 dagger "Sifag" {flame, +Blink rF++ MP-9 Int+3}
   (You found it on level 2 of the Dungeon)

   It burns those it strikes, dealing additional fire damage.
   Int:       It affects your intelligence (+3).
   rF:        It greatly protects you from fire.
   MP:        It affects your magic capacity (-9).
   +Blink:    It lets you blink.
Missiles
 c - 2 boomerangs (quivered)
 m - 4 stones
Armour
 b - a +0 animal skin
 k - a +0 leather armour (worn)
 q - a scarf of shadows (worn)
Scrolls
 e - a scroll of fog {unknown}
 g - 3 scrolls of poison
 h - 2 scrolls of teleportation {unknown}
 r - a scroll of noise {unknown}
Potions
 i - a potion of curing {unknown}
 j - a potion of heal wounds {unknown}
 l - a potion of mutation {unknown}
 p - 2 potions of berserk rage


   Skills:
 + Level 4.0 Fighting
 + Level 3.6 Maces & Flails
 * Level 3.8 Armour
 + Level 2.2 Dodging


You had 3 spell levels left.
You didn't know any spells.
Your spell library was empty.

Dungeon Overview and Level Annotations

Branches:
Dungeon (3/15)              Sewer (1/1)

Altars:

Shops:
D:1 ?


Innate Abilities, Weirdness & Mutations

You are immune to sickness and miasma.
Your stone body is resilient. (AC +3)
You are immune to poison.
You resist negative energy. (rN+)
You are resistant to electric shocks. (rElec)
You are resistant to unholy torment.
You are immune to petrification.


Message History

The adder closely misses you. The adder bites you but does no damage.
The ball python bites you but does no damage.
The ball python constricts you. The adder bites you but does no damage.
The adder closely misses you.
Your unstable footing causes you to fumble your attack.
The ball python completely misses you. The ball python constricts you.
* * * LOW HITPOINT WARNING * * *
The adder bites you but does no damage. x2; The ball python bites you.
* * * LOW HITPOINT WARNING * * *
The ball python constricts you. The adder bites you.
* * * LOW HITPOINT WARNING * * *
As you read the scroll labelled WACVOU YHAIQO, it crumbles to dust.
It is a scroll of identify.
p - 2 potions of berserk rage The adder barely misses you.
The ball python barely misses you. The ball python constricts you.
The adder bites you but does no damage.
The air fills with toxic fumes!
As you read the scroll of poison, it crumbles to dust.
The adder bites you but does no damage.
The ball python bites you but does no damage.
The ball python constricts you.
The adder bites you but does no damage. x2
You escape the ball python's grasp.
The ball python attacks as you move away!
The ball python barely misses you.
The adder bites you but does no damage. x3
The adder closely misses you. The adder attacks as you move away!
The adder bites you but does no damage.
You enter the shallow water.
Moving in this stuff is going to be slow.
The adder bites you but does no damage. The adder bites you.
* * * LOW HITPOINT WARNING * * *
The adder closely misses you. The adder barely misses you. The adder bites you.
* * * LOW HITPOINT WARNING * * *
The adder attacks as you move away! The adder closely misses you.
The adder bites you.
* * * LOW HITPOINT WARNING * * *
The adder attacks as you move away! The adder bites you.
* * * LOW HITPOINT WARNING * * *
The adder bites you.
You die...

...~.~~~~~~~†≈~#
....≈SS≈≈≈≈≈.≈~#
..~~.SS~~~~~~≈~#
!..~########~≈~#
#! #~≈.# ##.≈~#
#### #~~≈~#
###∩.### ####~≈.#
#∩.....####@SS~≈~#
#...........S~~≈~#
#..........~..~≈~#
##.....##.####~≈.#
##...##### #~≈~#
##### #~≈~# ≈~≈~~


You could see 2 adders and a ball python.

Vanquished Creatures
  7 adders
  2 dart slugs
  10 endoplasms
  A giant cockroach (D:2)
  2 goblins (D:2)
  5 hobgoblins
  4 kobolds
  A quokka (D:1)
  4 ball pythons
  3 bats
  A frilled lizard (D:2)
  4 rats
  A spectral goblin (D:2)
45 creatures vanquished.

Notes
Turn   | Place    | Note
-------+----------+-------------------------------------------
     0 | D:1      | KittyFluff the Gargoyle Berserker began the quest for the
                  | Orb.
     0 | D:1      | Reached XP level 1. HP: 14/14 MP: 1/1
   281 | D:1      | You fall into a shaft and drop 1 floor!
   329 | D:2      | Reached XP level 2. HP: 14/19 MP: 2/2
   698 | D:1      | Found Noadithruu's Magic Scroll Shop.
   803 | D:1      | Reached XP level 3. HP: 19/23 MP: 3/3
  1328 | D:2      | Found a faded altar of an unknown god.
  1468 | D:2      | Reached ** piety under Trog
  1570 | D:2      | Reached XP level 4. HP: 24/29 MP: 4/4
  1900 | D:2      | Identified the +7 dagger "Sifag" {flame, +Blink rF++ MP-9
                  | Int+3}
  2031 | D:3      | Found a glowing drain.
  2043 | D:3      | Reached skill level 4 in Fighting
  2116 | Sewer    | Entered a sewer
  2183 | Sewer    | Slain by an adder

Illustrated notes

Levels and vault maps discovered:
D:1:      co_arrival_random_square_maze, layout_basic, serial_shops,
          nicolae_shop_stone
D:2:      layout_loops_ring, dreamdust_ecumenical_altar_drowned_temple,
          minmay_misc_feat_ornament, chequers_serial_rivers_micro_b
D:3:      layout_rooms, minitemple, gammafunk_ghost_split, portal_sewer_entry_d
Sewer:    sewer_fruit_machine

Skill      XL: |  1  2  3  4 |
---------------+-------------+-----
Armour         | 3 |  3.8
Dodging        | 2 |  2.2
Fighting       | 4 |  4.0
Maces & Flails | |  3.6

Action                   |  1- 3 |  4- 6 || total
-------------------------+-------+-------++-------
Melee: Mace              |   100 |    72 ||   172
       Punch             |     1 |       ||     1
  Use: Scroll            |       |     3 ||     3
Armor: Animal skin       |    10 |       ||    10
       Leather armour    |    17 |    61 ||    78
Dodge: Dodged            |    72 |    68 ||   140
